 Dungeon Crawl Stone Soup version 0.29.0-5-ge4962eb29e (webtiles) character file.

Game seed: 4212021607783941023

635 Ordine the Slasher (level 7, -5/44 HPs)
             Began as a Tengu Monk on Aug 28, 2022.
             Slain by a black bear (8 damage)
             ... on level 5 of the Dungeon.
             The game lasted 00:13:39 (5278 turns).

Ordine the Slasher (Tengu Monk)                     Turns: 5278, Time: 00:13:40

Health: -5/44      AC:  2    Str: 11 (12) XL:     7   Next: 50%
Magic:  8/8        EV: 17    Int:  7 (10) God:
Gold:   174        SH:  0    Dex: 17 (18) Spells: 6/6 levels left

rFire   . . .      SeeInvis .   a - +0 falchion
rCold   . . .      Faith    .   (no shield)
rNeg    + . .      Spirit   .   A - +0 robe
rPois   +          Reflect  .   (helmet restricted)
rElec   .          Harm     .   h - scarf {repulsion}
rCorr   .          Rampage  .   (no gloves)
Will    .....                   (boots unavailable)
Stlth   +++.......              (no amulet)
HPRegen 0.14/turn               g - ring of positive energy
MPRegen 0.11/turn               u - ring of poison resistance

@: weak-willed, flying quickly and evasively, repel missiles, quick
A: beak, talons 3, nimble flight
a: no special abilities


You were on level 5 of the Dungeon.
You visited 1 branch of the dungeon, and saw 5 of its levels.

You collected 174 gold pieces.

Inventory:

Hand Weapons
 a - a +0 falchion (weapon)
 b - a +0 dagger of electrocution
Armour
 h - a scarf of repulsion (worn)
 s - a +0 kite shield
 A - a +0 robe (worn)
Jewellery
 f - a ring of ice
 g - a ring of positive energy (left hand)
 u - a ring of poison resistance (right hand)
Wands
 x - a wand of roots (7)
Scrolls
 d - 2 scrolls of identify
 e - a scroll of fog
 j - 2 scrolls of enchant weapon
 o - a scroll of poison
 r - 3 scrolls of enchant armour
 z - 2 scrolls of immolation
 C - a scroll of noise {unknown}
Potions
 c - a potion of ambrosia
 i - a potion of brilliance
 k - 2 potions of haste
 l - 3 potions of curing {unknown}
 m - 3 potions of heal wounds {unknown}
 n - 2 potions of degeneration
 q - a potion of invisibility {unknown}
 t - a potion of might {unknown}
 v - a potion of cancellation {unknown}
 w - a potion of attraction {unknown}
 B - a potion of mutation {unknown}


   Skills:
 + Level 4.6 Fighting
 * Level 6.4 Long Blades
 + Level 0.0 Armour
 + Level 5.0 Dodging
 + Level 4.2 Stealth


You had 6 spell levels left.
You didn't know any spells.
Your spell library contained the following spells:

 Spells                   Type           Power      Damage    Failure   Level
 Necrotise                Necr           0%         1d4       43%         1
 Sting                    Tmut/Pois      0%         1d3       43%         1
 Summon Small Mammal      Summ           0%         N/A       43%         1
 Poisonous Vapours        Pois/Air       0%         N/A       56%         2
 Call Canine Familiar     Summ           0%         N/A       80%         3
 Summon Guardian Golem    Hex/Summ       0%         N/A       80%         3
 Vampiric Draining        Necr           0%         2d6       80%         3
 Olgreb's Toxic Radiance  Pois           0%         N/A       99%         4
 Agony                    Necr           0%         N/A       100%        5


Dungeon Overview and Level Annotations

Branches:
Dungeon (5/15)             Temple (0/1) D:5

Altars:
Cheibriados
Uskayaw

Shops:
D:1 (


Innate Abilities, Weirdness & Mutations

You have a beak for a mouth.
You have claws for feet.
Your magical nature lets you fly swiftly and evasively.


Message History

As you read the scroll of identify, it crumbles to dust.
z - 2 scrolls of immolation The scorpion completely misses you.
The black bear barely misses you.
The black bear claws you. x2; The black bear closely misses you.
The black bear misses you. The black bear closely misses you.
The ice beast misses you. The scorpion completely misses you.
As you read the scroll of identify, it crumbles to dust.
e - a scroll of fog The black bear closely misses you.
The black bear completely misses you. The black bear closely misses you.
The black bear completely misses you.
The black bear closely misses you. x2; The ice beast closely misses you.
The scorpion barely misses you.
As you read the scroll of identify, it crumbles to dust.
o - a scroll of poison The ice beast hits you.
The ice beast freezes you! The black bear bites you! The black bear claws you.
The black bear closely misses you. The black bear barely misses you.
The black bear closely misses you. The black bear barely misses you.
The scorpion closely misses you.
As you read the scroll labelled DOSAOD XIBB, it crumbles to dust.
You feel aware of your surroundings.
You sensed 1 altar.
It was a scroll of magic mapping.
The black bear misses you.
The black bear claws you but does no damage. x2
The black bear barely misses you. The black bear closely misses you.
The black bear claws you. The ice beast closely misses you.
The scorpion stings you.
* * * LOW HITPOINT WARNING * * *
As you read the scroll labelled ORENUSCHOLOWN, it crumbles to dust.
Magic quickly surges around you.
It was a scroll of vulnerability.
The scorpion barely misses you. The black bear closely misses you.
The black bear claws you.
* * * LOW HITPOINT WARNING * * *
The black bear barely misses you. The black bear bites you.
* * * LOW HITPOINT WARNING * * *
The black bear misses you. The black bear closely misses you.
The ice beast misses you.
It was a potion of degeneration.
There was something very wrong with that liquid.
You feel weakened.
You feel dopey.
You feel clumsy. The scorpion completely misses you. The black bear bites you!
You die...

########## ##........##*
##......$....**
##.#####....#.,*
#.##Ss@##.....,**
*#.#?5hYh#.####,,*
*#..#!?lSo###..#*,* #####
*...#?.$l.##J...*,**#....
*...##![.+#+[.(5*,,,#....
*....#####.##S.#*,,,#....
*........#+#####,,,,#....
*.......##,##...,,,,#....
*,,,,,,,+,,,*,,,,,,,#....


You could see 2 black bears, an ice beast (weak-willed), a scorpion
(weak-willed), 2 iguanas, a jelly (asleep), 3 adders, a shadow imp
(weak-willed), an orc (weak-willed) and an ufetubus (asleep).

Vanquished Creatures
  Sigmund (D:3)
  An ice beast (D:5)
  A phantom (D:5)
  2 jellies
  An orc priest (D:4)
  Ijyb (D:4)
  2 iguanas
  An orc wizard (D:5)
  4 adders
  2 ufetubi
  A worm (D:2)
  2 dart slugs
  8 orcs
  A ball python (D:3)
  5 bats
  6 endoplasms
  6 giant cockroaches
  5 goblins
  7 hobgoblins
  2 jackals (D:2)
  7 quokkas
  4 frilled lizards
  5 kobolds
  A rat (D:3)
76 creatures vanquished.

Notes
Turn   | Place    | Note
-------+----------+-------------------------------------------
     0 | D:1      | Ordine the Tengu Monk began the quest for the Orb.
     0 | D:1      | Reached XP level 1. HP: 14/14 MP: 2/2
   212 | D:1      | Reached XP level 2. HP: 15/19 MP: 3/3
   398 | D:1      | Found Gufu's Antique Weapon Shop.
  1158 | D:2      | Found a faded altar of an unknown god.
  1266 | D:2      | Reached XP level 3. HP: 7/23 MP: 4/4
  1512 | D:2      | Reached skill level 4 in Long Blades
  2187 | D:2      | Reached XP level 4. HP: 20/28 MP: 5/5
  2500 | D:3      | Found a snail-covered altar of Cheibriados.
  2667 | D:3      | Noticed Sigmund
  2676 | D:3      | Killed Sigmund
  2677 | D:3      | Reached skill level 5 in Long Blades
  2677 | D:3      | Gained mutation: Your magical nature lets you fly swiftly
                  | and evasively. [Tengu growth]
  2677 | D:3      | Reached XP level 5. HP: 28/33 MP: 6/6
  2856 | D:3      | Reached XP level 6. HP: 38/38 MP: 7/7
  3290 | D:4      | Noticed Ijyb
  3302 | D:4      | Killed Ijyb
  3486 | D:4      | Found a hide-covered altar of Uskayaw.
  3928 | D:4      | Identified the +0 ring mail of the Blacksmith {Contam
                  | *Corrode Int+10}
  4642 | D:5      | Entered Level 5 of the Dungeon
  4929 | D:5      | Noticed an ice beast
  4937 | D:5      | Killed an ice beast
  4938 | D:5      | Reached skill level 6 in Long Blades
  4938 | D:5      | Reached XP level 7. HP: 22/44 MP: 8/8
  5215 | D:5      | Reached skill level 5 in Dodging
  5278 | D:5      | Slain by a black bear

Illustrated notes

Levels and vault maps discovered:
D:1:      evilmike_arrival_fibonacci_small, layout_loops_corners, serial_shops,
          shop
D:2:      layout_basic, basic_ecumenical_altar, minmay_small_reverse_x
D:3:      layout_basic, mainiacjoe_overflow_catwalk,
          amcnicky_mini_rare_corridor_liquid, chequers_hall_statues_corner_a,
          uniq_sigmund
D:4:      layout_rooms, nicolae_uskayaw_suspiria, uniq_ijyb
D:5:      layout_gridville, lemuel_crystal_altar,
          minmay_temple_entry_enclosed_plants, minmay_joined_circles

Skill      XL: |  1  2  3  4  5  6  7 |
---------------+----------------------+-----
Long Blades    | 4 5 6 |  6.4
Dodging        | 4 5 |  5.0
Stealth        | 3 4 |  4.2
Fighting       | 4 |  4.6

Action                   |  1- 3 |  4- 6 |  7- 9 || total
-------------------------+-------+-------+-------++-------
Melee: Falchion          |    68 |   106 |    14 ||   188
       Kick              |    16 |    36 |     6 ||    58
       Peck              |     7 |    18 |     5 ||    30
       Punch             |     1 |     1 |     1 ||     3
  Use: Potion            |       |     3 |     1 ||     4
       Scroll            |       |       |     7 ||     7
 Stab: Sleeping          |     7 |     9 |     1 ||    17
Armor: Robe              |    12 |     5 |     8 ||    25
Dodge: Dodged            |    41 |    58 |    44 ||   143
